 Dungeon Crawl Stone Soup version 0.31.0-12-g77e489cdc1 (webtiles) character file.

Game seed: 13313168189331411742

973 jagang the Trooper (level 8, -2/87 HPs)
             Began as an Oni Monk on Feb 15, 2024.
             Was a Believer of Makhleb.
             Slain by a phantom (4 damage)
             ... on level 6 of the Dungeon.
             The game lasted 00:05:38 (4489 turns).

jagang the Trooper (Oni Monk)                       Turns: 4489, Time: 00:05:38

Health: -2/87      AC:  4    Str: 22    XL:     8   Next: 16%
Magic:  8/8        EV: 10    Int: 11    God:    Makhleb [**....]
Gold:   312        SH:  0    Dex: 13    Spells: 7/7 levels left

rFire   . . .        m - +5 scythe (heavy)
rCold   . . .        (shield currently unavailable)
rNeg    . . .        b - +0 robe
rPois   .            (helmet restricted)
rElec   .            t - +0 cloak
rCorr   .            (gloves unavailable)
SInv    .            (boots unavailable)
Will    .....        (no amulet)
Stlth   +            h - +6 ring of strength
HPRegen 0.34/turn    (no ring)
MPRegen 0.11/turn

%: no passive effects
@: no status effects
A: large, unfitting armour, horns 1, tough skin 1, double potion healing,
drunken brawling
a: Renounce Religion, Minor Destruction


You were on level 6 of the Dungeon.
You worshipped Makhleb.
Makhleb was pleased with you.
You visited 2 branches of the dungeon, and saw 7 of its levels.
You also visited: Sewer.

You collected 312 gold pieces.

Inventory:

Hand Weapons
 a - a +0 falchion
 m - a +5 heavy scythe (weapon)
 E - a +1 short sword of speed
Armour
 b - a +0 robe (worn)
 r - a +0 scale mail
 t - a +0 cloak (worn)
 y - a +1 pair of gloves
Jewellery
 h - a +6 ring of strength (left hand)
Wands
 v - a wand of roots (9)
 D - a wand of paralysis (8)
Scrolls
 k - 4 scrolls of teleportation
 l - a scroll of fog
 o - a scroll of amnesia
 q - a scroll of noise
 x - a scroll of vulnerability
 z - a scroll of enchant armour
 B - a scroll of brand weapon {unknown}
Potions
 c - 3 potions of ambrosia
 d - 2 potions of brilliance {unknown}
 e - a potion of invisibility {unknown}
 f - 2 potions of mutation {unknown}
 g - a potion of magic {unknown}
 i - 2 potions of curing {unknown}
 j - 2 potions of haste
 n - a potion of attraction {unknown}
 p - a potion of degeneration {unknown}
 s - 3 potions of heal wounds {unknown}
 u - a potion of might {unknown}
 w - a potion of lignification {unknown}
 A - 2 potions of enlightenment {unknown}
 C - a potion of resistance {unknown}


   Skills:
 + Level 7.2 Fighting
 * Level 6.5 Long Blades
 + Level 3.9 Armour
 - Level 2.6 Dodging


You had 7 spell levels left.
You didn't know any spells.
Your spell library contained the following spells:

 Spells                   Type           Power      Damage    Failure   Level
 Freeze                   Ice            0%         1d3       34%         1
 Sting                    Conj/Alch      0%         1d3       34%         1
 Blink                    Tloc           0%         N/A       47%         2
 Lesser Beckoning         Tloc           0%         N/A       47%         2
 Mercury Vapours          Alch/Air       0%         N/A       47%         2
 Momentum Strike          Conj/Tloc      0%         3d8       47%         2
 Frozen Ramparts          Ice            0%         1d1       71%         3
 Hailstorm                Conj/Ice       0%         3d5       71%         3
 Mephitic Cloud           Conj/Alch/Air  0%         N/A       71%         3
 Olgreb's Toxic Radiance  Alch           0%         N/A       98%         4
 Freezing Cloud           Conj/Ice/Air   0%         6-21      100%        5


Dungeon Overview and Level Annotations

Branches:
Dungeon (6/15)             Temple (1/1) D:4           Sewer (visited)

Altars:
Cheibriados
Fedhas
Gozag
Hepliaklqana
Makhleb
Nemelex Xobeh
Okawaru
Qazlal
Ru
Trog
Wu Jian
Yredelemnul
The Shining One

Shops:
D:1 (

Annotations:
D:6 Dowan, Duvessa, Grinder


Innate Abilities, Weirdness & Mutations

You are too large for most types of armour.
You have a pair of small horns on your head.
You have tough skin. (AC +1)
You gain doubled healing and magic from potions.
Whenever you drink a healing potion, you attack all around you.


Message History

The phantom hits you but does no damage.
The phantom barely misses you.
You closely miss the phantom. Your headbutt misses the phantom.
The phantom is heavily damaged.
The phantom hits you but does no damage. x2
You slice the phantom!!
You destroy the phantom!
Makhleb accepts your kill. Duvessa hits you with a +0 rapier.
The phantom hits you.
The phantom blinks!
You blink.
The phantom completely misses you. Duvessa hits you with a +0 rapier!
Unknown command.
You hit the phantom. You headbutt the phantom.
The phantom is severely damaged.
An orc wizard appears from thin air!
Reactivating autopickup.
Duvessa barely misses you. The phantom misses you.
Duvessa hits you with a +0 rapier.
* * * LOW HITPOINT WARNING * * *
The phantom misses you. Duvessa hits you with a +0 rapier.
* * * LOW HITPOINT WARNING * * *
Dowan casts a spell.
Dowan blinks!
The phantom closely misses you.
You closely miss the phantom.
The phantom is heavily damaged.
Duvessa hits you with a +0 rapier.
* * * LOW HITPOINT WARNING * * *
The orc wizard hits you but does no damage.
Duvessa roars, "You can run, but you cannot escape us forever!"
Duvessa hits you with a +0 rapier.
* * * LOW HITPOINT WARNING * * *
Deactivating autopickup; reactivate with Ctrl-A.
Something tries to affect you, but you resist.
The phantom hits you but does no damage.
Duvessa barely misses you.
A puff of flame appears from out of thin air!
The puff of flame hits you!
* * * LOW HITPOINT WARNING * * *
The phantom hits you.
You die...

#.........#...
#######+#......<......
#.......$.#§..§.#.....
#........5#####{# ##..
#........{### #5..
#........[... ....#
#............ ....#
#...$e...?... )...#
#...o@...........##
#...W.....#####
#.........#
##....##### #....#
#...|# #....# #....#


You could see Grinder, Duvessa (fast), a phantom and an orc wizard.

Vanquished Creatures
  Sigmund (D:2)
  An ice beast (D:4)
  A crocodile (Sewer)
  A phantom (D:6)
  A brain worm (Sewer)
  2 scorpions (D:5)
  A howler monkey (D:4)
  2 bombardier beetles
  2 jellies
  4 iguanas
  2 adders
  A ribbon worm (D:4)
  2 dart slugs
  4 orcs (D:5)
  7 ball pythons
  4 endoplasms
  4 giant cockroaches
  9 hobgoblins
  6 jackals
  6 quokkas
  5 bats
  2 frilled lizards (D:1)
  11 goblins
  6 kobolds
  7 rats
92 creatures vanquished.

Notes
Turn   | Place    | Note
-------+----------+-------------------------------------------
     0 | D:1      | jagang the Oni Monk began the quest for the Orb.
     0 | D:1      | Reached XP level 1. HP: 24/24 MP: 1/1
    75 | D:1      | Reached XP level 2. HP: 16/32 MP: 2/2
   198 | D:1      | Found Gaosiq's Weapon Emporium.
   372 | D:1      | Reached XP level 3. HP: 36/40 MP: 3/3
   444 | D:1      | Reached skill level 1 in Armour
  1074 | D:2      | Noticed Sigmund
  1083 | D:2      | Killed Sigmund
  1084 | D:2      | Reached skill level 5 in Fighting
  1084 | D:2      | Reached XP level 4. HP: 10/50 MP: 4/4
  1084 | D:2      | Reached XP level 5. HP: 12/57 MP: 5/5
  1373 | D:2      | Reached XP level 6. HP: 64/66 MP: 6/6
  2098 | D:3      | Found a glowing drain.
  2114 | Sewer    | Entered a sewer
  2183 | Sewer    | Reached skill level 5 in Long Blades
  2584 | D:3      | Reached skill level 6 in Fighting
  2973 | D:4      | Noticed an ice beast
  2977 | D:4      | Killed an ice beast
  2978 | D:4      | Reached XP level 7. HP: 64/75 MP: 7/7
  3632 | D:4      | Found a staircase to the Ecumenical Temple.
  3638 | Temple   | Entered the Ecumenical Temple
  3647 | Temple   | Became a worshipper of Makhleb the Destroyer
  3647 | Temple   | Reached * piety under Makhleb
  3647 | Temple   | Reached ** piety under Makhleb
  3817 | D:5      | Entered Level 5 of the Dungeon
  4197 | D:5      | Reached skill level 7 in Fighting
  4197 | D:5      | Reached XP level 8. HP: 87/87 MP: 8/8
  4350 | D:6      | Noticed Duvessa
  4350 | D:6      | Noticed Dowan
  4358 | D:6      | Noticed Grinder
  4489 | D:6      | HP: 2/87 [something/puff of flame (8)]
  4489 | D:6      | Slain by a phantom

Illustrated notes

Levels and vault maps discovered:
D:1:      mushboom_english_gardens, layout_rooms, serial_shops, shop,
          serial_forest, infiniplex_forest_zigzag_2,
          infiniplex_forest_clump_medium, infiniplex_forest_lined_room_2,
          infiniplex_forest_end_2, infiniplex_forest_zigzag_1,
          infiniplex_forest_lined_3, infiniplex_forest_straight_2,
          infiniplex_forest_3_way, infiniplex_forest_lined_corner,
          minmay_misc_feat_encased, minmay_pentomino_o4
D:2:      layout_basic, due_unseen_surprise, uniq_sigmund
D:3:      layout_loops_ring, cheibrodos_sewer_entry_drain,
          nicolae_houndstooth_variations
D:4:      layout_basic, minmay_temple_entry_fiery
D:5:      layout_rooms
D:6:      minmay_skewed_foursquare, layout_basic,
          mainiacjoe_overflow_six_doors_small, mainiacjoe_overflow_boulevard,
          nicolae_overflow_two_pavilions, kennysheep_generic_room_3,
          uniq_duvessa, uniq_edmund, uniq_menkaure, uniq_grinder, uniq_maggie
Temple:   cyrus_circular_temple

Skill      XL: |  1  2  3  4  5  6  7 |
---------------+----------------------+-----
Long Blades    | 3 4 5 6 |  6.5
Armour         | 2 3 |  3.9
Fighting       | 5 6 7 |  7.2
Dodging        | |  2.6

Action                     |  1- 3 |  4- 6 |  7- 9 || total
---------------------------+-------+-------+-------++-------
  Melee: Falchion          |    86 |       |       ||    86
         Headbutt          |    17 |     4 |    10 ||    31
         Halberd           |       |    41 |    70 ||   111
    Use: Scroll            |       |       |     7 ||     7
 Armour: Robe              |    68 |    43 |    87 ||   198
  Dodge: Dodged            |    40 |    30 |    59 ||   129
